 Dungeon Crawl Stone Soup version 0.29.0-4-gdea44cf6ec (webtiles) character file.

Game seed: 15946392998559944346

7 qw the Chopper (level 2, 0/17 HPs)
             Began as a Tengu Warper on Aug 28, 2022.
             Slain by a quokka (4 damage)
             ... on level 1 of the Dungeon.
             The game lasted 00:00:01 (134 turns).

qw the Chopper (Tengu Warper)                        Turns: 134, Time: 00:00:01

Health: 0/17       AC:  6    Str: 11    XL:     2   Next: 4%
Magic:  6/6        EV:  9    Int: 13    God:
Gold:   18         SH:  0    Dex: 13    Spells: 5/5 levels left

rFire   . . .      SeeInvis .   a - +0 hand axe
rCold   . . .      Faith    .   (no shield)
rNeg    . . .      Spirit   .   e - +0 scale mail
rPois   .          Reflect  .   (helmet restricted)
rElec   .          Harm     .   (no cloak)
rCorr   .          Rampage  .   (no gloves)
Will    .....                   (boots unavailable)
Stlth   ..........              (no amulet)
HPRegen 0.05/turn               (no ring)
MPRegen 0.10/turn               (no ring)

@: no status effects
A: beak, talons 3
a: no special abilities


You were on level 1 of the Dungeon.
You visited 1 branch of the dungeon, and saw 1 of its levels.

You collected 18 gold pieces.


Innate Abilities, Weirdness & Mutations

You have a beak for a mouth.
You have claws for feet.


   Skills:
 - Level 2.0 Fighting
 + Level 3.0 Axes
 - Level 1.0 Throwing
 - Level 1.1 Armour
 - Level 2.1 Dodging
 - Level 2.0 Spellcasting
 - Level 2.4 Translocations


You had 5 spell levels left.
You didn't know any spells.
Your spell library contained the following spells:

 Spells                   Type           Power      Damage    Failure   Level
 Blink                    Tloc           14%        N/A       65%         2
 Gell's Gravitas          Tloc           7%         N/A       86%         3
 Lesser Beckoning         Tloc           7%         N/A       86%         3
 Teleport Other           Tloc           7%         N/A       86%         3
 Manifold Assault         Tloc           7%         N/A       100%        5

Inventory:

Hand Weapons
 a - a +0 hand axe (weapon)
Armour
 b - a +0 leather armour
 e - a +0 scale mail (worn)
Scrolls
 c - a scroll of blinking
Potions
 f - a potion of curing {unknown}

Dungeon Overview and Level Annotations

Branches:
Dungeon (1/15)

Altars:


Message History

121 ||| UPGRADING to +0 scale mail.
You start removing your armour.
You continue taking off your +0 leather armour. x4
The hobgoblin barely misses you.
You finish taking off your +0 leather armour.
You start putting on your armour.
You continue putting on your +0 scale mail.
The hobgoblin closely misses you.
You continue putting on your +0 scale mail.
The quokka bites you.
Keep equipping yourself?
The hobgoblin hits you. The quokka bites you.
You continue putting on your +0 scale mail.
The quokka barely misses you. The hobgoblin closely misses you.
You continue putting on your +0 scale mail.
The quokka closely misses you. The hobgoblin barely misses you.
You continue putting on your +0 scale mail.
The quokka barely misses you. The hobgoblin hits you.
You finish putting on your +0 scale mail.
You hit the hobgoblin. Your kick misses the hobgoblin.
The hobgoblin is almost dead.
You hit the quokka but do no damage.
The quokka bites you but does no damage.
The hobgoblin closely misses you. The quokka barely misses you.
You closely miss the hobgoblin. You claw the hobgoblin.
The hobgoblin is almost dead.
You hit the quokka. The hobgoblin hits you. The quokka bites you.
You barely miss the hobgoblin.
You claw the hobgoblin, but do no damage.
The hobgoblin is almost dead.
You barely miss the quokka. The quokka closely misses you.
The hobgoblin hits you but does no damage.
The quokka bites you but does no damage.
You closely miss the hobgoblin. You claw the hobgoblin.
You kill the hobgoblin!
You hit the quokka but do no damage. The quokka bites you.
You die...

....#.+....# # ...
###....# # .
....####..## ### ..
.........+ +.. ...
..####..## ### ....
####..# ### .....
+.....### #..
......##.#..#.### ####
#.....%@.#......# ....
..###.r..#....##########
#......#....# ........
)...#.......#.# ####...
#.# ##......#.# #.... #.
#......#.# ##.<. .
#...#..#.# #....
.........# ##... .....


You could see a quokka.

Vanquished Creatures
  A bat (D:1)
  2 endoplasms (D:1)
  3 hobgoblins (D:1)
  A frilled lizard (D:1)
7 creatures vanquished.

Notes
Turn   | Place    | Note
-------+----------+-------------------------------------------
     0 | D:1      | qw the Tengu Warper began the quest for the Orb.
     0 | D:1      | Reached XP level 1. HP: 12/12 MP: 4/4
     0 | D:1      | 0 ||| qw: Version: 0.1-a-89-g26bdef1
     0 | D:1      | 0 ||| qw: Game counter: 2489
     0 | D:1      | 0 ||| qw: Always use a shield: true
     0 | D:1      | 0 ||| qw: God list: Okawaru
     0 | D:1      | 0 ||| qw: Allow faded altars: false
     0 | D:1      | 0 ||| qw: Do Orc after D:15 true
     0 | D:1      | 0 ||| qw: Do second Lair branch before Depths: true
     0 | D:1      | 0 ||| qw: Lair rune preference: random
     0 | D:1      | 0 ||| qw: Plans: Normal
     0 | D:1      | 0 ||| PLANNING D:1-11
    65 | D:1      | 65 ||| Stepping ~*~*~tactically~*~*~ (stealth).
    66 | D:1      | 66 ||| Stepping ~*~*~tactically~*~*~ (stealth).
    71 | D:1      | 71 ||| Stepping ~*~*~tactically~*~*~ (stealth).
    72 | D:1      | 72 ||| Stepping ~*~*~tactically~*~*~ (stealth).
    73 | D:1      | 73 ||| Stepping ~*~*~tactically~*~*~ (stealth).
    84 | D:1      | Reached skill level 3 in Axes
    84 | D:1      | Reached XP level 2. HP: 17/17 MP: 6/6
   117 | D:1      | 117 ||| UPGRADING to +0 scale mail.
   121 | D:1      | 121 ||| UPGRADING to +0 scale mail.
   132 | D:1      | HP: 4/17 [quokka (1)]
   134 | D:1      | Slain by a quokka

Levels and vault maps discovered:
D:1:      psy_arrival_basics, layout_basic, minmay_misc_feat_roman,
          kennysheep_flooded_box, minmay_pentomino_s4

Skill      XL: |  1 |
---------------+----+-----
Axes           | 3 |  3.0
Fighting       | |  2.0
Throwing       | |  1.0
Armour         | |  1.1
Dodging        | |  2.1
Spellcasting   | |  2.0
Translocations | |  2.4

Action                   || total
-------------------------++-------
Melee: Hand axe          ||     7
       Kick              ||     6
Throw: Boomerang         ||     7
Armor: Scale mail        ||     3
Dodge: Dodged            ||    11

Table legend:
 A = Non-vault XP
 B = Vault XP
 C = Vault XP percentage of total XP
 D = Non-vault monster count
 E = Vault monster count
 F = Vault count percentage of total count
                 A         B        C        D         E       F
            +---------+---------+-------+---------+---------+-------
      Total |      11 |       2 |  15.4 |       6 |       1 |  14.3
            +---------+---------+-------+---------+---------+-------
        D:1 |      11 |       2 |  15.4 |       6 |       1 |  14.3
            +---------+---------+-------+---------+---------+-------
